 Dungeon Crawl Stone Soup version 0.30-a0-377-g5cb311bc9f (webtiles) character file.

Game seed: 2541464713986385649

1236 sanka the Cleaver (level 8, -2/73 HPs)
             Began as a Hill Orc Monk on Nov 28, 2022.
             Slain by a killer bee (5 damage)
             ... on level 5 of the Dungeon.
             The game lasted 00:09:11 (5964 turns).

sanka the Cleaver (Hill Orc Monk)                   Turns: 5964, Time: 00:09:12

Health: -2/73      AC:  9    Str: 14 (16) XL:     8   Next: 49%
Magic:  8/8        EV: 11    Int:  8 (10) God:
Gold:   174        SH:  0    Dex: 13      Spells: 7/7 levels left

rFire   . . .      SeeInvis .    a - +0 war axe
rCold   . . .      Faith    .    (no shield)
rNeg    . . .      Spirit   .    i - +0 ring mail
rPois   .          Reflect  .    m - +2 helmet
rElec   .          Harm     .    (no cloak)
rCorr   .          Rampage  .    x - +0 pair of gloves
Will    .....                    (no boots)
Stlth   +.........               (no amulet)
HPRegen 0.32/turn                (no ring)
MPRegen 0.11/turn                s - ring of flight

@: mighty, lethally poisoned (-2 -> -15), weakened, flying, hasted, very quick
A: no striking features
a: no special abilities


You were on level 5 of the Dungeon.
You visited 1 branch of the dungeon, and saw 5 of its levels.

You collected 194 gold pieces.
You spent 20 gold pieces at shops.


   Skills:
 + Level 7.0 Fighting
 + Level 11.8 Axes
 - Level 2.4 Dodging
 - Level 1.5 Stealth


You had 7 spell levels left.
You didn't know any spells.
Your spell library contained the following spells:

 Spells                   Type           Power      Damage    Failure   Level
 Beastly Appendage        Tmut           0%         N/A       65%         1
 Necrotise                Necr           0%         1d4       65%         1
 Wereblood                Tmut           0%         N/A       80%         2
 Ignite Poison            Fire/Tmut/Pois 0%         N/A       95%         3
 Spider Form              Tmut/Pois      0%         N/A       95%         3
 Vampiric Draining        Necr           0%         2d6       95%         3
 Sticky Flame             Conj/Fire      0%         2d3       100%        4
 Agony                    Necr           0%         N/A       100%        5
 Ignition                 Fire           0%         3d3       100%        8
 Chain Lightning          Conj/Air       0%         N/A       100%        9
 Fire Storm               Conj/Fire      0%         5d1       100%        9
 Shatter                  Erth           0%         3d5*      100%        9

Inventory:

Hand Weapons
 a - a +0 war axe (weapon)
Missiles
 n - 3 throwing nets {=f}
Armour
 i - a +0 ring mail (worn)
 m - a +2 helmet (worn)
 x - a +0 pair of gloves (worn)
Jewellery
 q - a ring of ice
 s - a ring of flight (right hand)
Wands
 h - a wand of iceblast (3)
 j - a wand of charming (7)
Scrolls
 b - a scroll of magic mapping {unknown}
 d - 2 scrolls of immolation {!r}
 e - 2 scrolls of enchant armour
 f - a scroll of blinking {unknown}
 g - a scroll of silence {!r}
 l - 4 scrolls of vulnerability {!r}
 r - a scroll of summoning {unknown}
Potions
 c - a potion of ambrosia
 k - 2 potions of might
 o - a potion of attraction {unknown}
 p - a potion of resistance {unknown}
 t - a potion of brilliance
 u - 2 potions of heal wounds {unknown}
 v - 2 potions of magic

Dungeon Overview and Level Annotations

Branches:
Dungeon (5/15)
 Temple: D:4-7

Altars:

Shops:
D:3

? ▒▒▒▒...▒▒.........
▒▒.....▒▒............ ▒▒
▒..▒...▒.............
.▒▒▒...................Y
..▒▒..............g.....
..................g.....
....>...........y.g.....
...▒....▒▒.....gyy......
......▒▒▒......yohy.....
......▒▒..▒▒▒▒▒▒▒†......
.........▒ .......
♣♣♣♣♣..▒▒ ....... ♣...
.>..... .▒▒▒ ....... ▒
....... .......


You could see an ice beast, a gnoll bouda, a hound, 5 killer bees and 3 gnolls.


Message History

You slash the scorpion!
The scorpion is almost dead.
You closely miss the killer bee. You closely miss the killer bee.
You hit the hound. You barely miss the gnoll bouda.
You barely miss the killer bee.
You feel sick. The killer bee stings you!
* * * LOW HITPOINT WARNING * * *
You are lethally poisoned!
The killer bee poisons you! The killer bee misses you.
The killer bee misses you. The hound closely misses you. The gnoll misses you.
The scorpion barely misses you.
You hit the scorpion.
You kill the scorpion!
You miss the killer bee. You hit the killer bee.
You barely miss the killer bee. You slash the hound! You hit the gnoll bouda.
* * * LOW HITPOINT WARNING * * *
You feel very sick. The killer bee stings you.
* * * LOW HITPOINT WARNING * * *
The killer bee stings you.
You die...

Action                   |  1- 3 |  4- 6 |  7- 9 || total
-------------------------+-------+-------+-------++-------
Melee: Hand axe          |   101 |    21 |       ||   122
       Punch             |     2 |     3 |     4 ||     9
       War axe           |       |   242 |    73 ||   315
  Use: Potion            |       |     2 |    10 ||    12
       Scroll            |       |     4 |       ||     4
 Stab: Sleeping          |     2 |     2 |       ||     4
Armor: Robe              |    16 |    33 |       ||    49
       Ring mail         |       |    39 |    40 ||    79
       Skin              |       |       |     8 ||     8
Dodge: Dodged            |    60 |   178 |    77 ||   315

Levels and vault maps discovered:
D:1:      dpeg_arrival_orchard, layout_basic,
          hangedman_abyss_or_decor_lesser_grid, minmay_3d_cube
D:2:      layout_loops_ring, uniq_jessica, uniq_robin
D:3:      layout_loops_ring, serial_shops,
          nicolae_shop_competitors_out_of_business, kennysheep_generic_room_4
D:4:      layout_loops_corners, hangedman_decor_clover_reticule, minmay_bent,
          uniq_pikel
D:5:      layout_rooms, mainiacjoe_overflow_tiny_flanked,
          mainiacjoe_overflow_alcove_2, nicolae_temple_entry_ecumenical

Notes
Turn   | Place    | Note
-------+----------+-------------------------------------------
     0 | D:1      | sanka the Hill Orc Monk began the quest for the Orb.
     0 | D:1      | Reached XP level 1. HP: 19/19 MP: 1/1
    27 | D:1      | HP: 1/20 [gnoll/+0 flail (12)]
    29 | D:1      | Reached skill level 4 in Fighting
    29 | D:1      | Reached XP level 2. HP: 2/27 MP: 2/2
   241 | D:1      | Reached skill level 5 in Axes
   314 | D:1      | Reached XP level 3. HP: 33/33 MP: 3/3
  1125 | D:2      | Reached skill level 6 in Axes
  1131 | D:2      | Reached XP level 4. HP: 40/40 MP: 4/4
  1246 | D:2      | HP: 3/40 [gnoll/+0 flail (3)]
  1591 | D:2      | Noticed Jessica
  1595 | D:2      | Killed Jessica
  1596 | D:2      | Reached skill level 7 in Axes
  1601 | D:2      | Reached XP level 5. HP: 21/46 MP: 5/5
  1801 | D:2      | Noticed Robin
  1815 | D:2      | Killed Robin
  2681 | D:3      | Reached skill level 8 in Axes
  2913 | D:3      | Found Alutwu's Magic Scroll Emporium.
  2920 | D:3      | Bought a scroll of identify for 20 gold pieces
  3250 | D:4      | Noticed a lemure
  3250 | D:4      | Noticed a lemure
  3250 | D:4      | Noticed a lemure
  3251 | D:4      | Noticed a lemure
  3273 | D:3      | Killed a lemure
  3289 | D:3      | Killed a lemure
  3412 | D:3      | Killed a lemure
  3510 | D:4      | Noticed Pikel
  3862 | D:4      | Noticed an orc warrior
  3925 | D:4      | HP: 2/46 [orc warrior/+0 long sword (11)]
  4231 | D:4      | Reached XP level 6. HP: 50/52 MP: 6/6
  4428 | D:4      | Reached skill level 9 in Axes
  4771 | D:4      | Reached XP level 7. HP: 18/59 MP: 7/7
  4933 | D:4      | Reached skill level 10 in Axes
  5473 | D:4      | HP: 4/59 [Pikel/+0 whip of freezing (2)]
  5482 | D:4      | HP: 10/132 [Pikel/+0 whip of freezing (4)]
  5489 | D:4      | Killed Pikel
  5490 | D:4      | Reached skill level 6 in Fighting
  5490 | D:4      | Reached skill level 11 in Axes
  5490 | D:4      | Reached XP level 8. HP: 7/70 MP: 8/8
  5493 | D:4      | HP: 6/157 [orc warrior/+0 long sword (3)]
  5495 | D:4      | HP: 1/157 [orc warrior/+0 long sword (5)]
  5753 | D:5      | Entered Level 5 of the Dungeon
  5961 | D:5      | Reached skill level 7 in Fighting
  5964 | D:5      | HP: 6/73 [poisoned by a killer bee]
  5964 | D:5      | Slain by a killer bee

Vanquished Creatures
  Pikel (D:4)
  An orc warrior (D:4)
  4 lemures (D:3)
  2 scorpions
  A killer bee (D:5)
  A howler monkey (D:5)
  A hound (D:3)
  2 gnoll boudas (D:4)
  2 orc priests (D:5)
  Jessica (D:2)
  2 iguanas (D:4)
  Robin (D:2)
  12 gnolls
  5 adders
  An ufetubus (D:5)
  5 dart slugs
  11 orcs
  9 endoplasms
  3 giant cockroaches
  8 goblins
  12 hobgoblins
  12 jackals
  7 kobolds
  5 quokkas
  7 ball pythons
  5 bats
  2 rats (D:3)
123 creatures vanquished.
